Map: Discordance EC

Players

Draco - Winner!

  • Race: Protoss Protoss
  • League: Diamond
  • Spawn Location: 7:00

Sorandom

  • Race: Zerg Zerg
  • League: Diamond
  • Spawn Location: 1:00

VOD

Have the link to the VOD?

Description

Time

  • Played on: April 12, 2019, 8:32 p.m.
  • Length: 6:16
Show
View Real Time Build Order
Export as new Build Order

Draco Protoss - Winner!

Build Orders: 1 Gate Expand 

Get SALT Encoding   

  12  0:01  Probe  
  13  0:13  Probe  
  14  0:20  Pylon  
  14  0:25  Probe  
  15  0:35  Probe  
  15  0:39  Gateway  
  16  0:43  Probe  
  16  0:48  Assimilator  
  17  0:52  Probe  
  18  1:04  Probe  
  19  1:23  Nexus  
  19  1:32  Cybernetics Core  
  19  1:34  Probe  
  20  1:40  Assimilator  
  20  1:44  Probe  
  21  1:50  Pylon  
  21  1:52  Probe  
  21  2:00  Adept  
  21  2:01  Probe  
  23  2:09  Warp Gate  
  23  2:13  Probe  
  26  2:23  Twilight Council  
  26  2:25  Probe  
  27  2:31  Stalker  
  27  2:35  Probe  
  28  2:37  Probe  
  31  2:47  Probe  
  31  2:50  Gateway  
  32  3:01  Probe  
  32  3:03  Charge  
  32  3:06  Sentry  
  32  3:07  Shield Battery  
  32  3:11  Probe  
  35  3:13  Probe  
  36  3:23  Probe  
  36  3:25  Probe  
  38  3:30  Robotics Facility  
  38  3:35  Probe  
  38  3:38  Probe  
  38  3:48  Shield Battery  
  38  3:50  Gateway  
  38  3:51  Gateway  
  38  3:53  Shield Battery  
  38  3:57  Sentry  
  38  3:58  Adept  
  42  4:04  Probe  
  42  4:08  Pylon  
  43  4:12  Warp Prism  
  43  4:23  Probe  
  46  4:26  Probe, Pylon  
  47  4:37  Stalker x2  
  51  4:45  Stalker  
  51  4:46  Stalker  
  51  4:48  Gateway  
  51  4:50  Gateway  
  55  4:58  Probe  
  56  5:03  Adept  
  58  5:08  Probe  
  58  5:10  Probe  
  58  5:14  Pylon  
  60  5:15  Pylon  
  60  5:17  Observer  
  60  5:20  Probe, Pylon  
  62  5:21  Pylon  
  62  5:45  Zealot x2  
  62  5:46  Zealot x4  
  74  6:06  Zealot x6  
Show
View Real Time Build Order
Export as new Build Order

Sorandom Zerg 

Build Orders: Pool First 

Get SALT Encoding   

  12  0:01  Drone  
  13  0:12  Overlord  
  13  0:17  Drone  
  14  0:31  Drone x2  
  14  0:34  Drone  
  17  0:47  Spawning Pool  
  17  0:49  Drone  
  17  1:10  Hatchery  
  16  1:15  Drone  
  16  1:16  Drone  
  18  1:18  Extractor  
  18  1:24  Drone  
  18  1:30  Drone  
  19  1:36  Queen  
  21  1:43  Overlord  
  21  1:53  Drone  
  22  2:01  Zergling x2  
  22  2:07  Roach Warren  
  22  2:12  Zergling x2  
  23  2:24  Metabolic Boost  
  23  2:25  Zergling x4  
  25  2:32  Queen  
  25  2:34  Zergling x2  
  27  2:40  Drone  
  28  2:44  Drone  
  28  2:45  Drone  
  29  3:00  Zergling x8  
  32  3:07  Zergling x2  
  32  3:12  Zergling x2  
  32  3:18  Zergling x2  
  33  3:22  Zergling x2  
  33  3:25  Lair  
  34  3:27  Zergling x2  
  34  3:29  Zergling x2  
  36  3:37  Drone  
  36  3:43  Overlord  
  36  3:44  Overlord  
  35  3:55  Zergling x2  
  35  3:57  Zergling x2  
  35  4:03  Zergling x2  
  35  4:06  Zergling x6  
  35  4:07  Zergling x2  
  35  4:09  Zergling x2  
  33  4:31  Glial Reconstitution  
  33  4:37  Hatchery  
  32  4:39  Queen  
  32  4:43  Drone  
  35  4:46  Drone  
  35  4:51  Drone  
  35  4:52  Drone  
  38  4:55  Drone  
  39  5:00  Drone  
  39  5:02  Drone  
  39  5:05  Drone  
  42  5:13  Drone x3  
  44  5:25  Roach x3  
  50  5:29  Zergling x2  
  50  5:30  Overlord  
  49  5:45  Spore Crawler  
  49  5:46  Spine Crawler  
  49  5:47  Overlord x2  
  47  5:55  Roach  
Tags
 
Add a new tag
Caveats
  • Supply blocks, unpowered buildings, or Contaminate may cause inaccurate times.
  • Supply counts are checked every 10 seconds.